 Dungeon Crawl Stone Soup version 0.29-a0-330-g52719c12eb (webtiles) character file.

Game seed: 3507308222219997579

65 Crownlay the Sneak (level 4, -1/32 HPs)
             Began as a Gnoll Wanderer on May 24, 2022.
             Slain by an orc wizard
             ... wielding a +0 dagger
              (3 damage)
             ... on level 2 of the Dungeon.
             The game lasted 00:03:04 (1445 turns).

Crownlay the Sneak (Gnoll Wanderer)                 Turns: 1445, Time: 00:03:04

Health: -1/32      AC:  3    Str:  7    XL:     4   Next: 14%
Magic:  1/8        EV: 14    Int: 16    God:
Gold:   52         SH:  0    Dex: 13    Spells: 5/8 levels left

rFire   . . .      SeeInvis .   a - +2 dagger
rCold   . . .      Faith    .   (no shield)
rNeg    . . .      Spirit   .   e - +0 robe
rPois   .          Reflect  .   c - +0 helmet
rElec   .          Harm     .   (no cloak)
rCorr   .          Rampage  .   (no gloves)
Will    .....                   (no boots)
Stlth   ++++......              (no amulet)
HPRegen 0.10/turn               (no ring)
MPRegen 0.11/turn               (no ring)

@: no status effects
A: fangs 1, strong nose, distributed training
a: no special abilities


You were on level 2 of the Dungeon.
You visited 1 branch of the dungeon, and saw 2 of its levels.

You collected 83 gold pieces.
You spent 31 gold pieces at shops.

Inventory:

Hand Weapons
 a - a +2 dagger (weapon)
Armour
 c - a +0 helmet (worn)
 e - a +0 robe (worn)
Scrolls
 b - a scroll of vulnerability {unknown}
 d - a scroll of fog
 g - a scroll of amnesia
 j - 2 scrolls of identify
 l - a scroll of enchant armour {unknown}
Potions
 f - a potion of haste {unknown}
 h - a potion of magic {unknown}
 i - a potion of resistance {unknown}
 k - a potion of attraction {unknown}


   Skills:
 + Level 1.0 Fighting
 + Level 1.0 Short Blades
 + Level 1.0 Long Blades
 + Level 1.0 Axes
 + Level 1.0 Maces & Flails
 + Level 1.0 Polearms
 + Level 1.0 Staves
 + Level 1.0 Slings
 + Level 1.0 Bows
 + Level 1.0 Crossbows
 + Level 1.0 Throwing
 + Level 1.0 Armour
 + Level 6.6 Dodging
 + Level 7.8 Stealth
 + Level 1.0 Shields
 + Level 1.0 Unarmed Combat
 + Level 2.9 Spellcasting
 + Level 0.8 Conjurations
 + Level 0.8 Hexes
 + Level 0.8 Summonings
 + Level 0.8 Necromancy
 + Level 0.8 Translocations
 + Level 0.8 Transmutations
 + Level 0.8 Fire Magic
 + Level 0.8 Ice Magic
 + Level 0.8 Air Magic
 + Level 0.8 Earth Magic
 + Level 2.2 Poison Magic
 + Level 2.8 Invocations
 + Level 1.0 Evocations


You had 5 spell levels left.
You knew the following spells:

 Your Spells              Type           Power      Damage    Failure   Level
a - Sting                 Tmut/Pois      28%        1d4       10%         1
b - Poisonous Vapours     Pois/Air       14%        N/A       16%         2

Your spell library contained the following spells:

 Spells                   Type           Power      Damage    Failure   Level
 Corpse Rot               Necr/Air       8%         N/A       21%         2
 Spider Form              Tmut/Pois      7%         N/A       30%         3


Dungeon Overview and Level Annotations

Branches:
Dungeon (2/15)

Altars:

Shops:
D:1 *[*


Innate Abilities, Weirdness & Mutations

You have very sharp teeth.
Your uncanny sense of smell can sniff out nearby items.
Your experience applies equally to all skills.


Message History

You are too injured to fight recklessly!
You are too injured to fight recklessly!
You are too injured to fight recklessly!
Casting: Sting (safe; 10% risk of failure)
Confirm with . or Enter, or press ? or * to list all spells.
Aiming: Sting (safe; 10% risk of failure)
Press: ? - help, Shift-Dir - straight line, f - orc wizard
Aim: an orc wizard, wielding a +0 dagger and wearing a +0 robe (60% to hit)
The sting hits the orc wizard but does no damage.
The orc wizard is poisoned.
The orc wizard barely misses you.
Your magical contamination has completely faded away.
Casting: Sting (safe; 10% risk of failure)
Confirm with . or Enter, or press ? or * to list all spells.
Aiming: Sting (safe; 10% risk of failure)
Press: ? - help, Shift-Dir - straight line, f/p - orc wizard
Aim: an orc wizard, wielding a +0 dagger and wearing a +0 robe (poisoned, 60% to hit)
The sting hits the orc wizard.
The orc wizard looks even sicker.
The orc wizard is lightly wounded.
The orc wizard casts a spell at you. The magic dart hits you.
* * * LOW HITPOINT WARNING * * *
You are too injured to fight recklessly!
You hit the orc wizard.
The orc wizard is moderately wounded.
The orc wizard casts a spell at you. You resist with some effort.
You barely miss the orc wizard.
The orc wizard is moderately wounded.
The orc wizard hits you with a +0 dagger.
* * * LOW HITPOINT WARNING * * *
You hit the orc wizard.
You bite the orc wizard, but do no damage.
The orc wizard is moderately wounded.
The orc wizard gestures wildly while chanting.
The orc wizard flickers and vanishes!
Deactivating autopickup; reactivate with Ctrl-A.
You closely miss something. Your bite misses something. Something hits you.
* * * LOW HITPOINT WARNING * * *
You closely miss something. You bite something. Something hits you.
You die...

. .. . ... .##
.... ... ..... #.#
####...... #.#
#.@{)..... #.#
#.########
###.###.#####
#...........#
#.#.##..###.#
#.#.##..#
###.####.#.......
#........####..###
.#.###..####...


There were no monsters in sight!

Vanquished Creatures
  Robin (D:2)
  2 worms (D:2)
  2 orcs (D:2)
  4 bats
  3 endoplasms
  A giant cockroach (D:2)
  8 goblins
  8 hobgoblins
  A quokka (D:2)
  3 ball pythons (D:1)
  2 frilled lizards (D:1)
  6 kobolds
  4 rats
45 creatures vanquished.

Notes
Turn   | Place    | Note
-------+----------+-------------------------------------------
     0 | D:1      | Crownlay the Gnoll Wanderer began the quest for the Orb.
     0 | D:1      | Crownlay set off with the following items: a +2 dagger, a
                  | potion of heal wounds, a +0 helmet, a scroll of fog, a +0
                  | robe; and the following spell memorised: Sting; and the
                  | following spells available to memorise: Spider Form
     0 | D:1      | Reached XP level 1. HP: 13/13 MP: 4/4
    20 | D:1      | Found Poest's Assorted Antiques.
   192 | D:1      | Reached XP level 2. HP: 19/19 MP: 2/5
   306 | D:1      | Learned a level 2 spell: Poisonous Vapours
   596 | D:1      | Found Ucenydd's Assorted Antiques.
   604 | D:1      | Bought a scroll labelled QUAXEH LIUMAN for 31 gold pieces
   646 | D:1      | Found Dakinac's Antique Armour Emporium.
   794 | D:2      | Reached XP level 3. HP: 23/25 MP: 1/7
   938 | D:2      | Noticed Robin
   949 | D:2      | HP: 1/25 [goblin/+0 club[Robin] (2)]
   976 | D:2      | Killed Robin
   982 | D:2      | Reached skill level 1 in Fighting
   982 | D:2      | Reached skill level 1 in Short Blades
   982 | D:2      | Reached skill level 1 in Long Blades
   982 | D:2      | Reached skill level 1 in Axes
   982 | D:2      | Reached skill level 1 in Maces & Flails
   982 | D:2      | Reached skill level 1 in Polearms
   982 | D:2      | Reached skill level 1 in Staves
   982 | D:2      | Reached skill level 1 in Slings
   982 | D:2      | Reached skill level 1 in Bows
   982 | D:2      | Reached skill level 1 in Crossbows
   982 | D:2      | Reached skill level 1 in Throwing
   982 | D:2      | Reached skill level 1 in Armour
   982 | D:2      | Reached skill level 1 in Shields
   982 | D:2      | Reached skill level 1 in Unarmed Combat
   982 | D:2      | Reached skill level 1 in Evocations
  1216 | D:2      | Reached XP level 4. HP: 18/32 MP: 4/8
  1445 | D:2      | Slain by an orc wizard

Illustrated notes

Levels and vault maps discovered:
D:1:      amcnicky_arrival_gap_in_the_tavern_cellar, layout_rooms, serial_shops,
          nicolae_diamond_shop, shop, nicolae_square_shop, minmay_bisected
D:2:      layout_loops_cross, nrook_mini_backslash, dk_noncrumbling_4,
          uniq_robin

Skill      XL: |  1  2  3 |
---------------+----------+-----
Poison Magic   | 2 |  2.2
Fighting       | 1 |  1.0
Short Blades   | 1 |  1.0
Long Blades    | 1 |  1.0
Axes           | 1 |  1.0
Maces & Flails | 1 |  1.0
Polearms       | 1 |  1.0
Staves         | 1 |  1.0
Slings         | 1 |  1.0
Bows           | 1 |  1.0
Crossbows      | 1 |  1.0
Throwing       | 1 |  1.0
Armour         | 1 |  1.0
Shields        | 1 |  1.0
Unarmed Combat | 1 |  1.0
Evocations     | 1 |  1.0
Dodging        | |  6.6
Stealth        | |  7.8
Spellcasting   | |  2.9
Conjurations   | |  0.8
Hexes          | |  0.8
Summonings     | |  0.8
Necromancy     | |  0.8
Translocations | |  0.8
Transmutations | |  0.8
Fire Magic     | |  0.8
Ice Magic      | |  0.8
Air Magic      | |  0.8
Earth Magic    | |  0.8
Invocations    | |  2.8

Action                   |  1- 3 |  4- 6 || total
-------------------------+-------+-------++-------
Melee: Dagger            |    82 |    12 ||    94
       Bite              |     8 |     4 ||    12
 Cast: Sting             |    38 |    11 ||    49
       Poisonous Vapours |     1 |       ||     1
  Use: Scroll            |     1 |       ||     1
       Potion            |     1 |       ||     1
 Stab: Sleeping          |     2 |       ||     2
Armor: Robe              |    20 |     1 ||    21
Dodge: Dodged            |    87 |     5 ||    92

Table legend: (Time is in decaauts)
 A = Elapsed time spent in this place.
 B = Non-inter-level travel time spent in this place.
 C = Inter-level travel time spent in this place.
 D = Time resting spent in this place.
 E = Time spent auto-exploring this place.
 F = Levels seen in this place.
 G = Mean time per level.
                   A        B        C        D        E       F      G
               +--------+--------+--------+--------+--------+-----+--------+
         Total |   1443 |   1431 |     12 |      0 |   1113 |   2 |  721.5 |
       Dungeon |   1443 |   1431 |     12 |      0 |   1113 |   2 |  721.5 |
               +--------+--------+--------+--------+--------+-----+--------+

Top non-repeatable levels by time:
     D:2: 735 daAuts
     D:1: 707 daAuts
